 Dungeon Crawl Stone Soup version 0.31-a0-672-g7da72447bb (webtiles) character file.

Game seed: 15546604611924733985

4694 Shayle the Mimic (level 10, -2/126 HPs)
             Began as an Ogre Shapeshifter on Sept 4, 2023.
             Was an Initiate of Wu Jian.
             Slain by a cane toad (15 damage)
             ... on level 1 of the Lair of Beasts.
             The game lasted 00:22:33 (8511 turns).

Shayle the Mimic (Ogre Shapeshifter)                Turns: 8511, Time: 00:22:34

Health: -2/126     AC: 25    Str: 20    XL:     10   Next: 44%
Magic:  16/16      EV:  1    Int: 15    God:    Wu Jian [......]
Gold:   310        SH:  0    Dex:  8    Spells: 11/17 levels left

rFire   . . .        m - +4 whip (venom)
rCold   . . .        (no shield)
rNeg    . . .        p - melded +2 robe of the Lumpy Olives {Will+}
rPois   +            (helmet currently unavailable)
rElec   .            (cloak currently unavailable)
rCorr   +            (gloves unavailable)
SInv    .            (boots unavailable)
Will    +....        (no amulet)
Stlth   +            e - ring of wizardry
HPRegen 0.41/turn    E - ring of resist corrosion
MPRegen 0.15/turn

%: wizardry (x1)
@: brilliant, lethally poisoned (-2 -> -11), tree-form, marked, invisible
A: stationary, stasis, torment immunity, boosted hp, large, unfitting armour,
(tough skin 1)
a: Renounce Religion


You were on level 1 of the Lair of Beasts.
You worshipped Wu Jian.
Wu Jian was noncommittal.
You were a tree.
You visited 3 branches of the dungeon, and saw 11 of its levels.

You collected 310 gold pieces.

Inventory:

Hand Weapons
 m - a +4 whip of venom (weapon)
Missiles
 q - 3 javelins
 w - 3 throwing nets
Armour
 a - a +0 animal skin
 p - the +2 robe of the Lumpy Olives (melded) {Will+}
   (You found it on level 3 of the Dungeon)

   Will+:     It increases your willpower.
Jewellery
 e - a ring of wizardry (left branch)
 E - a ring of resist corrosion (right branch)
Talismans
 c - a beast talisman
 d - a flux talisman
Wands
 o - a wand of polymorph (4)
 z - a wand of quicksilver (2)
 B - a wand of iceblast (4)
 G - a wand of charming (9)
Scrolls
 f - 4 scrolls of torment
 g - 4 scrolls of teleportation
 k - 2 scrolls of blinking {unknown}
 l - 2 scrolls of poison
 r - 3 scrolls of enchant weapon {unknown}
 u - 2 scrolls of summoning {unknown}
 v - 4 scrolls of fear
 y - 2 scrolls of amnesia {unknown}
 A - a scroll of fog {unknown}
 D - a scroll of enchant armour {unknown}
Potions
 b - 2 potions of lignification
 j - a potion of attraction {unknown}
 n - a potion of ambrosia
 s - 2 potions of degeneration
 t - a potion of curing {unknown}
 x - a potion of enlightenment {unknown}
 C - a potion of haste {unknown}
 F - a potion of mutation {unknown}
 H - a potion of brilliance
 I - a potion of might {unknown}


   Skills:
 - Level 1.3 Fighting
 - Level 1.7 Dodging
 + Level 9.4 Unarmed Combat
 + Level 4.4 Spellcasting
 + Level 3.7 Translocations
 + Level 9.4 Shapeshifting


You had 11 spell levels left.
You knew the following spells:

 Your Spells              Type           Power      Damage    Failure   Level
a - Blink                 Tloc           42%        N/A       2%          2
b - Manifold Assault      Tloc           21%        N/A       16%         4

Your spell library contained the following spells:

 Spells                   Type           Power      Damage    Failure   Level


Dungeon Overview and Level Annotations

Branches:
Dungeon (9/15)             Temple (1/1) D:5            Lair (1/5) D:8
    Orc: D:9-12

Altars:
Ashenzari
Cheibriados
Dithmenos
Elyvilon
Fedhas
Gozag
Hepliaklqana
Kikubaaqudgha
Makhleb
Nemelex Xobeh
Okawaru
Sif Muna
Uskayaw
Vehumet
Wu Jian
Xom
Yredelemnul
Zin
The Shining One

Annotations:
D:3 3 runed translucent doors, Lysca's ghost, amateur DsCj
D:7 3 runed translucent doors, MrSquiggles's ghost, novice MiFi


Innate Abilities, Weirdness & Mutations

You are a tree.
Your roots penetrate the ground, keeping you stationary.
You cannot be teleported.
You are immune to unholy pain and torment.
Your maximum health is greatly increased.
Your equipment is partially melded.
You are too large for most types of armour.
((You have tough skin. (AC +1)))


Message History

You turn into a tree.
The +2 robe of the Lumpy Olives {Will+} melds into your body.
Your roots penetrate the ground.
You feel extremely sick.
The blink frog is engulfed in poison gas.
The blink frog looks even sicker.
The cane toad stings you.
* * * LOW HITPOINT WARNING * * *
The blink frog hits you but does no damage.
The water moccasin bites you but does no damage.
The blink frog is engulfed in poison gas.
The blink frog looks as sick as possible!
The blink frog is engulfed in poison gas.
The blink frog looks as sick as possible!
It was a potion of brilliance.
You feel clever all of a sudden.
You feel very sick.
The blink frog hits you but does no damage.
The cane toad stings you but does no damage.
The water moccasin bites you but does no damage.
The blink frog is engulfed in poison gas.
The blink frog looks as sick as possible!
The blink frog is engulfed in poison gas.
The blink frog looks as sick as possible!
The blink frog blinks!
The blink frog hits you but does no damage.
The cane toad stings you but does no damage.
The water moccasin bites you but does no damage.
As you read the scroll of fear, it crumbles to dust.
You assume a fearsome visage.
The cane toad easily resists.
The blink frog looks frightened!
The water moccasin looks frightened!
You feel very sick. The cane toad stings you.
* * * LOW HITPOINT WARNING * * *
Unknown command.
You closely miss the cane toad.
* * * LOW HITPOINT WARNING * * *
You feel very sick. The Council accepts your kill.
You feel a bit more experienced. The cane toad stings you!
You die...

..........#
.§§...... .§.....
☼F...# ..).# #S.#
##F## #§°○## ###
###F♣####.#######
#†##.##........
#§....<...#.###
#°.########
#.§...#
.....##...# ....#
##..# ...# #..
..# ...


You could see a cane toad (unable to see you), 2 blink frogs and a water
moccasin (unable to see you, fleeing).

Vanquished Creatures
  Harold (Lair:1)
  2 death yaks
  2 blink frogs (Lair:1)
  Sigmund (D:5)
  2 wyverns
  A water moccasin (D:6)
  2 black bears
  2 centaurs
  4 phantoms (D:5)
  3 bullfrogs
  2 scorpions
  5 wights (D:6)
  A jelly (D:5)
  4 killer bees (D:8)
  A howler monkey (D:6)
  A gnoll bouda (D:6)
  3 hounds
  3 orc priests
  A sleepcap (D:7)
  2 iguanas
  Ijyb (D:5)
  Terence (D:3)
  4 orc wizards
  Robin (D:3)
  11 gnolls
  8 adders
  A white imp (D:7)
  An ufetubus (D:7)
  A worm (D:3)
  8 dart slugs
  20 orcs
  7 ball pythons
  9 endoplasms
  4 giant cockroaches
  13 goblins
  4 hobgoblins (D:3)
  7 jackals
  3 quokkas
  10 bats
  3 frilled lizards
  7 kobolds
  7 rats
174 creatures vanquished.

Notes
Turn   | Place    | Note
-------+----------+-------------------------------------------
     0 | D:1      | Shayle the Ogre Shapeshifter began the quest for the Orb.
     0 | D:1      | Reached XP level 1. HP: 19/19 MP: 1/1
   215 | D:1      | Reached XP level 2. HP: 22/27 MP: 2/2
   704 | D:1      | Found a faded altar of an unknown god.
   801 | D:2      | Reached XP level 3. HP: 33/33 MP: 3/3
  1217 | D:2      | Reached XP level 4. HP: 41/41 MP: 4/4
  1714 | D:3      | Noticed Robin
  1761 | D:3      | Killed Robin
  1880 | D:3      | Identified the +2 robe of the Lumpy Olives {Will+}
  1924 | D:3      | Reached XP level 5. HP: 44/48 MP: 5/5
  2077 | D:3      | Found a runed translucent gate.
  2078 | D:3      | Found a runed translucent gate.
  2079 | D:3      | Found a runed translucent gate.
  2083 | D:3      | Noticed Lysca's ghost (amateur DsCj)
  2084 | D:3      | Noticed a kobold brigand
  2265 | D:3      | Noticed Terence
  2276 | D:3      | Killed Terence
  3337 | D:4      | Reached XP level 6. HP: 49/55 MP: 6/6
  3406 | D:5      | Entered Level 5 of the Dungeon
  3463 | D:5      | Reached skill level 5 in Shapeshifting
  3556 | D:5      | Reached skill level 5 in Unarmed Combat
  3635 | D:5      | Noticed Ijyb
  3644 | D:5      | Noticed a black bear
  3792 | D:6      | Found a shadowy altar of Dithmenos.
  3831 | D:6      | Reached XP level 7. HP: 54/62 MP: 7/7
  4427 | D:6      | Noticed Pikel
  4438 | D:6      | Pikel changed into Pikel the dart slug
  4438 | D:6      | Noticed Pikel
  4440 | D:6      | Killed Pikel the dart slug
  4965 | D:5      | Reached XP level 8. HP: 57/70 MP: 8/8
  5964 | D:5      | Killed Ijyb
  6217 | D:5      | Noticed Sigmund
  6227 | D:5      | Killed Sigmund
  6228 | D:5      | Reached XP level 9. HP: 52/76 MP: 9/9
  6402 | D:5      | Found a staircase to the Ecumenical Temple.
  6425 | Temple   | Entered the Ecumenical Temple
  6458 | Temple   | Became a worshipper of the Wu Jian Council
  7456 | D:7      | Learned a level 2 spell: Blink
  7461 | D:7      | Learned a level 4 spell: Manifold Assault
  7540 | D:7      | Found a runed translucent gate.
  7541 | D:7      | Found a runed translucent gate.
  7541 | D:7      | Noticed MrSquiggles's ghost (novice MiFi)
  7542 | D:7      | Found a runed translucent gate.
  7542 | D:7      | Identified the +6 plate armour of the Orb {rPois Str+5
                  | Int+3 Dex-2}
  7703 | D:7      | Identified the +3 cloak of Amorality {+Blink rElec Will+}
  7970 | D:8      | Found a broken altar of Ashenzari.
  8038 | D:8      | Reached skill level 1 in Spellcasting
  8047 | D:8      | Reached skill level 1 in Translocations
  8278 | D:8      | Noticed a death yak
  8281 | D:8      | Noticed a death yak
  8282 | D:8      | Noticed a death yak
  8287 | D:8      | Killed a death yak
  8288 | D:8      | Reached XP level 10. HP: 82/84 MP: 11/14
  8301 | D:9      | Killed a death yak
  8448 | D:8      | Found a staircase to the Lair.
  8463 | Lair:1   | Entered Level 1 of the Lair of Beasts
  8478 | Lair:1   | Noticed Harold
  8497 | Lair:1   | Killed Harold
  8498 | Lair:1   | Noticed a cane toad
  8511 | Lair:1   | Slain by a cane toad

Illustrated notes

Levels and vault maps discovered:
D:1:      co_arrival_random_square_maze, layout_basic,
          dreamdust_ecumenical_altar_angels_and_demons
D:2:      layout_loops_cross
D:3:      layout_basic, gammafunk_ghost_nasty_kobolds, uniq_terence, uniq_robin
D:4:      layout_loops_ring, dreamdust_princess_corridor, minmay_small_thing
D:5:      layout_loops_corners, minmay_temple_entry_statues_fountains,
          chequers_serial_rivers_micro_b, minmay_misc_feat_encased,
          st_stairs_13, kennysheep_path_1, kennysheep_generic_room_3, uniq_ijyb,
          uniq_sigmund
D:6:      wad_lake_hut, layout_rooms, grunt_dithmenos_smoke_and_mirrors,
          minmay_misc_feat_pillars, uniq_pikel
D:7:      layout_cave_pools, biasface_ghost_orc_armoury
D:8:      minmay_tri_box, layout_basic, mainiacjoe_overflow_boulevard,
          dpeg_lair_monsters, serial_corexii_hall, corexii_hall_statues_deadend,
          chequers_hall_statues_corner_a, minmay_misc_feat_tower
D:9:      layout_loops_cross, overflow_temple_1_default,
          ebering_ghost_rock_garden, uniq_grum
Temple:   nicolae_temple_bog_church
Lair:1:   layout_cave_pods, columned_hall_lemuel, serial_bayou_ford_a,
          grunt_megastairs_5, uniq_harold

Skill      XL: |  1  2  3  4  5  6  7  8  9 10 |
---------------+-------------------------------+-----
Unarmed Combat | 3 4 5 6 7 9 |  9.4
Shapeshifting  | 4 5 6 7 9 |  9.4
Spellcasting   | 3 4 |  4.4
Translocations | 2 3 |  3.7
Fighting       | |  1.3
Dodging        | |  1.7

Action                     |  1- 3 |  4- 6 |  7- 9 | 10-12 || total
---------------------------+-------+-------+-------+-------++-------
  Melee: Unarmed           |    94 |     9 |   200 |    21 ||   324
         Whip              |       |   160 |   109 |     1 ||   270
         Punch             |       |     3 |     6 |       ||     9
Ability: Begin Untransform |       |       |     1 |       ||     1
         Lunge             |       |       |    11 |       ||    11
  Evoke: Wand              |       |       |     8 |     4 ||    12
    Use: Potion            |       |     1 |     2 |     4 ||     7
         Scroll            |       |     7 |     2 |     2 ||    11
 Armour: Animal skin       |    54 |    25 |       |       ||    79
         Robe              |       |   101 |   218 |    27 ||   346
         Skin              |       |     3 |       |    11 ||    14
  Dodge: Dodged            |    43 |    72 |   157 |    10 ||   282
   Form: Flux              |       |       |     1 |       ||     1

Table legend: (Time is in decaauts)
 A = Elapsed time spent in this place.
 B = Non-inter-level travel time spent in this place.
 C = Inter-level travel time spent in this place.
 D = Time resting spent in this place.
 E = Time spent auto-exploring this place.
 F = Levels seen in this place.
 G = Mean time per level.
                   A        B        C        D        E       F      G
               +--------+--------+--------+--------+--------+-----+--------+
         Total |   8513 |   8143 |    370 |   1592 |   4568 |  11 |  773.9 |
       Dungeon |   8422 |   8065 |    357 |   1592 |   4555 |   9 |  935.8 |
        Temple |     46 |     33 |     13 |      0 |      0 |   1 |   46.0 |
          Lair |     45 |     45 |      0 |      0 |     13 |   1 |   45.0 |
               +--------+--------+--------+--------+--------+-----+--------+

Top non-repeatable levels by time:
     D:5: 2121 daAuts
     D:6: 1439 daAuts
     D:3: 1053 daAuts
     D:2: 912 daAuts
     D:7: 820 daAuts
     D:1: 795 daAuts
     D:4: 763 daAuts
     D:8: 366 daAuts
     D:9: 149 daAuts
  Temple: 46 daAuts
  Lair:1: 45 daAuts
